 Dungeon Sprint DCSS version 0.18-a0-1788-g92de1ac (webtiles) character file.

1542 Kidiri the Covert (level 8, -4/42 HPs)
             Began as a Spriggan Enchanter on Apr 19, 2016.
             Shot with a bolt by a yaktaur (22 damage)
             ... in the Dungeon (Sprint II: "The Violet Keep of Menkaure").
             The game lasted 00:06:46 (819 turns).

Kidiri the Covert (Spriggan Enchanter)               Turns: 819, Time: 00:06:47

Health: -4/42      AC:  4    Str:  4    XL:     8   Next: 56%
Magic:  7/22       EV: 27    Int: 18    God:
Gold:   185        SH:  0    Dex: 17    Spells: 8 memorised, 7 levels left

rFire  . . .     SeeInvis +     f - +2 dagger (elec)
rCold  + . .     Gourm    .     b - +1 robe
rNeg   . . .     Faith    .     (shield restricted)
rPois  .         Spirit   .     (helmet restricted)
rElec  .         Dismiss  .     h - +0 cloak
rCorr  .         Reflect  .     (gloves unavailable)
SustAt .         Harm     .     (boots unavailable)
MR     +....     NoTele   +     (no amulet)
Stlth  ++++++....               (no ring)
                                (no ring)

@: lethally poisoned (-4 -> -6), very slightly contaminated, very quick,
somewhat resistant to hostile enchantments, very stealthy
A: unfitting armour, see invisible, cold resistance 1, herbivore 3, speed 3,
slow metabolism 2, evolution 1
a: no special abilities


You were in the Dungeon.
You were not hungry.

You visited 1 branch You collected 972 gold pieces.
You spent 787 gold pieces at shops.

Inventory:

Hand Weapons
 f - a +2 dagger of electrocution (weapon)
Armour
 b - a +1 robe (worn)
 h - a +0 cloak (worn)
Scrolls
 j - a scroll of blinking
Potions
 g - a potion of haste
 i - a potion of berserk rage
Books
 e - a book of Spatial Translocations

   Spells                             Type                      Level
   a - Apportation                    Translocation                1
   b - Blink                          Translocation                2
   c - Shroud of Golubria             Charms/Translocation         2
   d - Portal Projectile              Translocation                3
   e - Teleport Other                 Translocation                3
   f - Passage of Golubria            Translocation                4
Comestibles
 d - a bread ration


   Skills:
 + Level 4.3 Fighting
 * Level 8.3 Short Blades
 + Level 3.7 Armour
 * Level 11.2 Dodging
 * Level 12.3 Stealth
 * Level 9.7 Spellcasting
 + Level 3.3 Conjurations
 + Level 7.1 Hexes
 + Level 2.3 Charms
 + Level 2.3 Translocations
 + Level 4.0 Ice Magic


You had 7 spell levels left.
You knew the following spells:

 Your Spells              Type           Power        Failure   Level  Hunger
a - Corona                Hex            ####...      1%          1    None
b - Ensorcelled Hibernat  Hex/Ice        ####..       1%          2    None
c - Confuse               Hex            ####....     1%          3    None
d - Tukima's Dance        Hex            ####....     1%          3    None
e - Dazzling Spray        Conj/Hex       ####....     2%          3    None
f - Shroud of Golubria    Chrm/Tloc      ###.......   6%          2    None
g - Passage of Golubria   Tloc           N/A          34%         4    ###....
h - Apportation           Tloc           ###.......   3%          1    None


Dungeon Overview and Level Annotations

Branches:
Dungeon (1/1)

Altars:
Cheibriados
Dithmenos
Fedhas
Gozag
Kikubaaqudgha
Makhleb
Nemelex Xobeh
Okawaru
Pakellas
Qazlal
Ru
Sif Muna
Trog
Vehumet
Yredelemnul
Zin
The Shining One
Beogh
Jiyva
Lugonu

Shops:
D !!::?[}[%(:}=!=*

Annotations:
D exclusion: oklob plant


Innate Abilities, Weirdness & Mutations

You are tiny and cannot use many weapons and most armour.
You have supernaturally acute eyesight.
You are a herbivore.
You cover ground extremely quickly.
You need consume almost no food.
Your flesh is cold resistant.
You evolve.


Message History

The wasp resists with significant effort.
The wasp completely misses you. The wasp stings you.
You are poisoned.
You feel yourself slow down. The polar bear completely misses you.
The polar bear claws you. The polar bear completely misses you.
Unknown command.
Casting: Ensorcelled Hibernation
Confirm with . or Enter, or press ? or * to list all spells.
Aiming: Ensorcelled Hibernation
Press: ? - help, Shift-Dir - straight line, f/p - wasp
Aim: a wasp (lightly wounded, chance to defeat MR: 57%)
The wasp looks drowsy...
You feel sick.
The polar bear completely misses you. x3
The helpless wasp fails to defend itself.
You stick the wasp like a pincushion!!!!
You kill the wasp!
You feel yourself speed up.
You feel sick. The polar bear misses you. The polar bear closely misses you. x2
The yaktaur wields an arbalest.
The yaktaur shoots a bolt.
The bolt hits you!!
Ouch! That really hurt!
You die...

+++## ....# ##..# #.
###.#### +.### ..#....#
...#### .####..##
#..##$# ###.##..#
+..#.c# ##...#..#
#..#h†#
.'.##+..####.^##@#
####.#....###...##▓▓
###.##....§.≈≈≈≈≈≈≈≈≈≈≈
.####≈§.....≈#+########
#.#≈≈≈§≈≈§..≈#..._._._#
.##≈≈§≈§§≈§.≈#.._._._.#
##≈≈≈≈≈§§≈§≈≈#._._._._#
≈≈≈≈§≈§§≈§≈§≈#_._._._.#
+++#§≈§§§§§≈≈#._._._..#


You could see a polar bear (blind) and a yaktaur.

Vanquished Creatures
  2 polar bears (D)
  2 hippogriffs (D)
  A vampire mosquito (D)
  4 neqoxecs (D)
  Menkaure (D)
  A wasp (D)
  4 worker ants (D)
  3 worms (D)
18 creatures vanquished.

Vanquished Creatures (others)
  A crocodile (D)
1 creature vanquished.

Grand Total: 19 creatures vanquished

Notes
Turn   | Place    | Note
--------------------------------------------------------------
     0 | D        | Kidiri the Spriggan Enchanter began the quest for the Orb.
     0 | D        | Reached XP level 1. HP: 9/9 MP: 5/5
     1 | D        | Noticed a worker ant
     1 | D        | Noticed a worker ant
     1 | D        | Noticed a worker ant
     1 | D        | Noticed a worker ant
     4 | D        | Noticed a neqoxec
     4 | D        | Noticed a neqoxec
     4 | D        | Noticed a neqoxec
     4 | D        | Noticed a neqoxec
     7 | D        | Noticed a hippogriff
     7 | D        | Noticed a hippogriff
    15 | D        | Reached skill level 5 in Stealth
    20 | D        | Noticed a crocodile
    23 | D        | Reached XP level 2. HP: 14/14 MP: 5/7
    32 | D        | Learned a level 2 spell: Ensorcelled Hibernation
    41 | D        | Reached skill level 1 in Fighting
    41 | D        | Reached skill level 1 in Armour
    41 | D        | Reached XP level 3. HP: 18/18 MP: 2/9
    44 | D        | Reached skill level 5 in Dodging
    44 | D        | Reached skill level 6 in Stealth
    58 | D        | Reached skill level 5 in Spellcasting
    58 | D        | Reached skill level 1 in Ice Magic
    58 | D        | Reached XP level 4. HP: 23/23 MP: 9/12
    61 | D        | Reached skill level 7 in Stealth
   135 | D        | Learned a level 3 spell: Confuse
   139 | D        | Learned a level 3 spell: Tukima's Dance
   143 | D        | Learned a level 3 spell: Dazzling Spray
   149 | D        | Killed a hippogriff
   149 | D        | Reached skill level 5 in Short Blades
   149 | D        | Reached skill level 8 in Stealth
   149 | D        | Reached skill level 1 in Conjurations
   149 | D        | Reached skill level 5 in Hexes
   149 | D        | Reached XP level 5. HP: 21/27 MP: 8/15
   154 | D        | Killed a hippogriff
   154 | D        | Reached skill level 9 in Stealth
   154 | D        | Reached XP level 6. HP: 24/32 MP: 3/17
   255 | D        | Gained mutation: Your flesh is cold resistant. [a neqoxec]
   260 | D        | Killed a neqoxec
   260 | D        | Reached skill level 10 in Stealth
   266 | D        | Gained mutation: You evolve. [a neqoxec]
   268 | D        | Killed a neqoxec
   268 | D        | Reached XP level 7. HP: 3/36 MP: 0/19
   274 | D        | Killed a neqoxec
   274 | D        | Reached skill level 11 in Stealth
   280 | D        | Killed a neqoxec
   280 | D        | Reached skill level 10 in Dodging
   556 | D        | Noticed Menkaure
   557 | D        | Found Kemiunes's Jewellery Boutique.
   557 | D        | Found Deriq's Assorted Antiques.
   558 | D        | Killed Menkaure
   573 | D        | Noticed an orange crystal statue
   580 | D        | Found Wiloin's Gadget Shop.
   580 | D        | Found Bomoc's Distillery.
   581 | D        | Found Foxkagre's Antique Weapon Boutique.
   581 | D        | Found Nyosaij's Book Boutique.
   582 | D        | Noticed a vampire mosquito
   585 | D        | Found Wiokaiqa's Food Boutique.
   585 | D        | Found Umaehuow's Antique Armour Shop.
   588 | D        | Killed a vampire mosquito
   588 | D        | Reached XP level 8. HP: 42/42 MP: 18/22
   594 | D        | Found Xoumuun's Gadget Shop.
   594 | D        | Found Wifeh's Antique Armour Boutique.
   595 | D        | Found Duacek's Jewellery Boutique.
   597 | D        | Found Maall's Magic Scroll Boutique.
   597 | D        | Found Rity's Book Shop.
   597 | D        | Noticed an oklob plant
   598 | D        | Found Etti's Distillery.
   598 | D        | Found Erojef's Book Shoppe.
   598 | D        | Found Woybe's Distillery.
   599 | D        | Noticed a spiny frog
   610 | D        | Noticed a spiny frog
   611 | D        | Noticed a hell hog
   626 | D        | Bought a book of Spatial Translocations for 650 gold pieces
   627 | D        | Bought a glowing dagger for 38 gold pieces
   629 | D        | Bought a cloak for 99 gold pieces
   655 | D        | Learned a level 2 spell: Shroud of Golubria
   660 | D        | Learned a level 4 spell: Passage of Golubria
   662 | D        | Learned a level 1 spell: Apportation
   735 | D        | Found an opulent altar of Gozag.
   744 | D        | Found an oddly glowing altar of Pakellas.
   744 | D        | Found a glowing golden altar of the Shining One.
   745 | D        | Found a sacrificial altar of Ru.
   745 | D        | Found a radiant altar of Vehumet.
   746 | D        | Found a snail-covered altar of Cheibriados.
   746 | D        | Found a glowing silver altar of Zin.
   746 | D        | Found a basalt altar of Yredelemnul.
   746 | D        | Found a sparkling altar of Nemelex Xobeh.
   746 | D        | Found a viscous altar of Jiyva.
   747 | D        | Found a corrupted altar of Lugonu.
   747 | D        | Found a roughly hewn altar of Beogh.
   747 | D        | Found a burning altar of Makhleb.
   748 | D        | Found an ancient bone altar of Kikubaaqudgha.
   748 | D        | Found a deep blue altar of Sif Muna.
   748 | D        | Found an iron altar of Okawaru.
   749 | D        | Found a blossoming altar of Fedhas.
   749 | D        | Found a shadowy altar of Dithmenos.
   806 | D        | Found a stormy altar of Qazlal.
   806 | D        | Found a bloodstained altar of Trog.
   807 | D        | Noticed a yaktaur
   807 | D        | Noticed a polar bear
   809 | D        | Noticed a polar bear
   812 | D        | Killed a polar bear
   812 | D        | Reached skill level 12 in Stealth
   812 | D        | Reached skill level 1 in Charms
   812 | D        | Reached skill level 1 in Translocations
   813 | D        | Noticed a polar bear
   816 | D        | Killed a polar bear
   819 | D        | Shot with a bolt by a yaktaur

Vault maps used:
D:        the_violet_keep_of_menkaure

Skill      XL: |  1  2  3  4  5  6  7  8 |
---------------+-------------------------+-----
Spellcasting   | 3 4 5 6 7 8 9 |  9.7
Stealth        | 5 6 8 9 10 11 12 | 12.3
Short Blades   | 2 3 5 6 7 8 |  8.3
Dodging        | 4 5 7 8 9 10 11 | 11.2
Fighting       | 1 2 3 4 |  4.3
Armour         | 1 2 3 |  3.7
Hexes          | 4 5 6 7 |  7.1
Ice Magic      | 1 2 3 4 |  4.0
Conjurations   | 1 2 3 |  3.3
Charms         | 2 |  2.3
Translocations | 2 |  2.3

Action                   |  1- 3 |  4- 6 |  7- 9 || total
-------------------------+-------+-------+-------++-------
Melee: Dagger            |     6 |     9 |    14 ||    29
 Cast: Ensorcelled Hiber |     4 |     6 |     2 ||    12
       Dazzling Spray    |       |     6 |     8 ||    14
       Confuse           |       |       |     3 ||     3
  Use: Potion            |     1 |     2 |     1 ||     4
 Stab: Sleeping          |     6 |     3 |     2 ||    11
       Invisible         |       |     2 |     1 ||     3
       Confused          |       |       |     3 ||     3
Armor: Robe              |       |     1 |     1 ||     2
Dodge: Dodged            |     6 |    30 |    35 ||    71
